 Dungeon Crawl Stone Soup version 0.28.0-47-ge53b351184 (webtiles) character file.

Game seed: 4189816300770411968

92803 Gabide the Eclecticist (level 15, -8/123 HPs)
             Began as a Mummy Necromancer on May 5, 2022.
             Was the Champion of Dithmenos.
             Killed from afar by an eleionoma (21 damage)
             ... with a spray of wooden splinters
             ... on level 1 of the Swamp.
             The game lasted 01:53:58 (39680 turns).

Gabide the Eclecticist (Mummy Necromancer)         Turns: 39680, Time: 01:53:59

Health: -8/123     AC: 16    Str: 13    XL:     15   Next: 58%
Magic:  5/43       EV: 31    Int: 35    God:    Dithmenos [******]
Gold:   1599       SH:  0    Dex: 12    Spells: 14/45 levels left

rFire   + . .      SeeInvis +   e - +5 broad axe of the Priest {venom, rF+ rN++ Will+ Str-4 Int+2}
rCold   + . .      Faith    .   (no shield)
rNeg    + + +      Spirit   .   o - +1 leather armour of Vybleas {rF+ Slay+2}
rPois   ∞          Reflect  .   A - +2 helmet
rElec   .          Harm     .   d - +5 cloak of Parts Unknown {Rampage Int+3}
rCorr   +          Rampage  +   h - +2 pair of gloves of the Centipede {rPois rCorr}
Will    ++...                   (no boots)
Stlth   ++++......              c - amulet of the acrobat
HPRegen 0.30/turn               z - ring of Bemig {rF+ SInv}
MPRegen 0.28/turn               p - ring of Pozexeus {rF- MP+9 Str+4 Int+9 SInv}

@: about to teleport, marked, acrobatic, wreathed by umbra, studying Fire Magic
A: cold resistance 1, negative energy resistance 3, torment resistance 2, heat
vulnerability 1, in touch with death 1, no potions
a: Renounce Religion, Shadow Step, Shadow Form


You were on level 1 of the Swamp.
You worshipped Dithmenos.
Dithmenos was exalted by your worship.
You visited 4 branches of the dungeon, and saw 24 of its levels.
You also visited: Ice Cave.

You collected 3360 gold pieces.
You spent 1761 gold pieces at shops.

Inventory:

Hand Weapons
 b - the +6 falchion of Disarray {antimagic, Fly rN+ rCorr Int-5}
   (You bought it in a shop on level 2 of the Orcish Mines)

   It reduces the magical energy of the wielder, and disrupts the spells and
   magical abilities of those it strikes.
   Natural abilities and divine invocations are not affected.
   Int:       It affects your intelligence (-5).
   rN:        It protects you from negative energy.
   Fly:       It grants you flight.
   rCorr:     It protects you from acid and corrosion.
 e - the +5 broad axe of the Priest (weapon) {venom, rF+ rN++ Will+ Str-4 Int+2}
   (You bought it in a shop on level 2 of the Orcish Mines)

   It poisons the flesh of those it strikes.
   Str:       It affects your strength (-4).
   Int:       It affects your intelligence (+2).
   rF:        It protects you from fire.
   rN:        It greatly protects you from negative energy.
   Will:      It increases your willpower.
 v - a +1 dagger of electrocution
 x - a +8 demon blade of electrocution
 y - a +5 demon blade of flaming
 B - a +5 dagger of pain
 C - a +4 demon trident
Armour
 d - the +5 cloak of Parts Unknown (worn) {Rampage Int+3}
   (You acquired it on level 9 of the Dungeon)

   Int:       It affects your intelligence (+3).
   Rampage:   It bestows one free step when moving towards enemies.
 h - the +2 pair of gloves of the Centipede (worn) {rPois rCorr}
   (You acquired it on level 2 of the Orcish Mines)

   rPois:     It protects you from poison.
   rCorr:     It protects you from acid and corrosion.
 o - the +1 leather armour of Vybleas (worn) {rF+ Slay+2}
   (You found it on level 4 of the Dungeon)

   Slay:      It affects your accuracy & damage with ranged weapons and melee
   (+2).
   rF:        It protects you from fire.
 A - a +2 helmet (worn)
Jewellery
 c - an amulet of the acrobat (around neck)
 p - the ring of Pozexeus (right hand) {rF- MP+9 Str+4 Int+9 SInv}
   (You found it on level 4 of the Dungeon)

   [ring of see invisible]

   Str:       It affects your strength (+4).
   Int:       It affects your intelligence (+9).
   rF:        It makes you vulnerable to fire.
   MP:        It affects your magic capacity (+9).
   SInv:      It lets you see invisible.
 q - the ring "Zasyduc" {rElec rC+ Int+4}
   (You found it on level 6 of the Lair of Beasts)

   [ring of protection from cold]

   Int:       It affects your intelligence (+4).
   rC:        It protects you from cold.
   rElec:     It insulates you from electricity.
 r - a ring of magical power
 z - the ring of Bemig (left hand) {rF+ SInv}
   (You found it on level 7 of the Dungeon)

   [ring of see invisible]

   rF:        It protects you from fire.
   SInv:      It lets you see invisible.
 D - a ring of magical power
 F - a ring of flight
 I - a ring of wizardry
Wands
 a - a wand of flame (33)
 k - a wand of acid (11)
 n - a wand of polymorph (20)
 s - a wand of digging (6)
 J - a wand of mindburst (6)
 K - a wand of paralysis (8)
Scrolls
 f - 6 scrolls of vulnerability
 i - 4 scrolls of magic mapping
 j - a scroll of enchant armour
 l - a scroll of amnesia
 t - 6 scrolls of noise
 u - 3 scrolls of fog
 E - 4 scrolls of identify
 G - a scroll of silence
Miscellaneous
 g - a lightning rod (4/4)
 H - a phantom mirror (inert)


   Skills:
 * Level 13.0 Fighting
 - Level 2.9 Short Blades
 + Level 3.4 Axes
 - Level 2.0 Armour
 * Level 11.3 Dodging
 - Level 4.0 Stealth
 * Level 15.7 Spellcasting
 * Level 13.6 Necromancy
 + Level 8.4 Invocations


You had 14 spell levels left.
You knew the following spells:

 Your Spells              Type           Power      Damage    Failure   Level
a - Pain                  Necr           100%       1d9       0%          1
b - Vampiric Draining     Necr           100%       2d13      1%          3
c - Animate Dead          Necr           55%        N/A       1%          4
d - Agony                 Necr           100%       N/A       1%          5
e - Corpse Rot            Necr/Air       100%       N/A       1%          2
f - Passwall              Tmut/Erth      22%        N/A       2%          2
g - Swiftness             Air            27%        N/A       5%          3
h - Ensorcelled Hibernat  Hex/Ice        54%        N/A       2%          2
i - Stone Arrow           Conj/Erth      54%        3d10      5%          3
j - Simulacrum            Ice/Necr       42%        N/A       16%         6

Your spell library contained the following spells:

 Spells                   Type           Power      Damage    Failure   Level
 Animate Skeleton         Necr           100%       N/A       0%          1
 Apportation              Tloc           54%        N/A       1%          1
 Sandblast                Erth           54%        2d13      1%          1
 Sting                    Tmut/Pois      100%       1d8       1%          1
 Summon Small Mammal      Summ           100%       N/A       1%          1
 Poisonous Vapours        Pois/Air       54%        N/A       2%          2
 Frozen Ramparts          Ice            54%        1d7       5%          3
 Gell's Gravitas          Tloc           27%        N/A       5%          3
 Teleport Other           Tloc           27%        N/A       5%          3
 Hailstorm                Conj/Ice       27%        3d7       17%         4
 Olgreb's Toxic Radiance  Pois           27%        N/A       17%         4
 Summon Ice Beast         Ice/Summ       27%        N/A       17%         4
 Summon Forest            Summ/Tloc      13%        N/A       43%         5
 Summon Mana Viper        Hex/Summ       27%        N/A       43%         5
 Dispersal                Tloc           13%        N/A       95%         6
 Malign Gateway           Summ/Tloc      13%        N/A       100%        7
 Ice Form                 Ice/Tmut       Unusable   N/A       N/A         4

Dungeon Overview and Level Annotations

Branches:
Dungeon (15/15)            Temple (0/1) D:4            Lair (6/6) D:11
  Swamp (1/4) Lair:2       Spider (0/4) Lair:4        Slime (0/5) Lair:5
    Orc (2/2) D:10            Elf (0/3) Orc:2        Vaults (0/5) D:14
  IceCv (visited)
 Depths: D:15

Altars:
Dithmenos
Kikubaaqudgha
Ru
Sif Muna
Yredelemnul
The Shining One
Jiyva

Shops:
D:11 [   Orc:2 *(*!

Portals:
Trove: D:11 (give 5 scrolls of fog)

Annotations:
D:11 3 runed translucent doors, Zippel's ghost, journeyman OgIE
Lair:3 Kubamp's ghost, journeyman DEAE
Swamp:1 Donald


Innate Abilities, Weirdness & Mutations

You are immune to poison.
Your flesh is cold resistant. (rC+)
You are immune to negative energy. (rN+++)
You are immune to unholy pain and torment.
You are vulnerable to heat. (rF-)
You are in touch with the powers of death.
You do not drink.


Message History

A root smacks you from below!
* * * LOW HITPOINT WARNING * * *
A tree reaches out and hits you!
* * * LOW HITPOINT WARNING * * *
You can't drink.
Press: ? - help, v - describe, . - travel
Here: a spriggan druid, wielding a +0 quarterstaff and wearing a +2 robe of fire resistance (umbra)
The floor.
As you read the scroll of fear, it crumbles to dust.
You assume a fearsome visage.
Donald resists with almost no effort.
The spriggan druid looks frightened!
The forest calms down.
The eleionoma resists with almost no effort.
The eleionoma flows through the trees.
Donald says, "Is it turtles all the way down?"
Okay, then.
Okay, then.
Casting: Agony (mildly dangerous; 1% risk of failure)
Confirm with . or Enter, or press ? or * to list all spells.
Aiming: Ensorcelled Hibernation (safe; 2% risk of failure)
Press: ? - help, Shift-Dir - straight line, f/p - eleionoma
Aim: an eleionoma (moderately wounded, very poisoned, umbra, chance to affect: 4%)
Okay, then.
Casting: Ensorcelled Hibernation (safe; 2% risk of failure)
Confirm with . or Enter, or press ? or * to list all spells.
Okay, then.
Unknown command.
Casting: Ensorcelled Hibernation (safe; 2% risk of failure)
Confirm with . or Enter, or press ? or * to list all spells.
Okay, then.
Unknown command.
Press: ? - help, v - describe, . - travel
Here: Donald, wielding a +3 long sword of flaming, wearing a +2 chain mail of poison resistance and wearing a +0 kite shield of reflection (lightly wounded, fast, strong, umbra) Some shallow water.
As you read the scroll of teleportation, it crumbles to dust.
You feel strangely unstable.
The eleionoma hurls a spray of splinters at you.
The spray of wooden splinters misses you.
The eleionoma hurls a spray of splinters at you.
The spray of wooden splinters hits you!!
You die...

♣≈≈...♣ ♣.♣
♣....♣♣ ♣≈♣
♣♣..≈.♣♣♣.♣
♣♣.≈.♣♣..♣
♣.≈♣.♣...♣
♣♣§.≈..≈.♣♣
♣♣R≈.§≈≈.♣ ♣♣♣
♣(.@♣♣..♣♣♣.♣
♣♣@.♣♣♣♣.≈≈.♣♣
♣.≈.♣ ♣♣..♣♣
♣.§♣♣ ♣≈♣♣
♣♣..♣ ♣≈♣ ♣>≈
♣♣...♣ ♣.♣ ♣.≈
♣..♣.♣ ♣R♣
..♣♣ ♣♣...♣♣
♣.♣ ♣..♣
♣♣...♣♣ ♣♣@♣
♣≈≈♣ ♣♣.≈..♣
♣[.♣


You could see Donald (fast, strong) and an eleionoma (very poisoned).

Vanquished Creatures
  Gastronok (Lair:1)
  A bunyip (Swamp:1)
  2 fire dragons
  A great orb of eyes (Lair:3)
  Josephine (Orc:1)
  6 vault guards (D:14)
  7 hydras
  Harold (D:8)
  6 boulder beetles
  A merfolk avatar (Lair:6)
  5 centaur warriors
  Erica (Orc:1)
  A two-headed ogre (D:13)
  A tengu warrior (D:13)
  5 death yaks
  Urug (Orc:1)
  Nergalle (Lair:3)
  6 hell knights (D:13)
  4 orc high priests
  Sonja (D:12)
  A sea snake (Lair:6)
  A bog body (Swamp:1)
  A harpy (Lair:6)
  5 orc knights
  4 slime creatures
  4 orc sorcerers (Orc:2)
  5 manticores
  6 cyclopes
  9 ugly things
  15 elephants
  3 black mambas
  A gargoyle (D:13)
  14 cane toads
  6 rime drakes
  An unseen horror (D:10)
  An efreet (D:13)
  2 ice devils
  9 komodo dragons
  7 trolls
  A tyrant leech (Lair:2)
  3 polar bears
  Prince Ribbit (D:8)
  3 hornets
  A tarantella (shapeshifter) (D:9)
  4 blink frogs
  2 centaur simulacra
  A shadow (D:12)
  A water elemental (D:11)
  63 yaks
  6 wraiths
  10 wyverns
  2 basilisks
  Grum (D:8)
  3 vampire mosquitoes (Swamp:1)
  A steam dragon (D:3)
  3 wargs
  Duvessa (D:6)
  7 hell hounds (D:13)
  14 water moccasins
  3 black bears
  3 ice beasts
  A swamp drake (D:10)
  13 orc warriors
  13 wolves
  12 ogres
  15 centaurs
  Blork the orc (D:6)
  5 kobold brigands
  12 bullfrogs
  A wyvern zombie (D:9)
  4 scorpions
  Dowan (D:6)
  12 killer bees
  4 howler monkeys
  3 electric eels
  2 centaur zombies
  3 jellies
  8 hounds
  3 gnoll shamans
  27 orc priests
  3 bullfrog skeletons
  5 hell rats (Lair:5)
  4 iguanas
  21 orc wizards
  A hound zombie (D:5)
  21 gnolls
  7 adders
  2 white imps (IceCv)
  An ufetubus (D:6)
  An adder zombie (D:5)
  A worm (D:3)
  4 dart slugs
  54 orcs
  8 ball pythons
  7 bats
  5 endoplasms
  8 giant cockroaches
  7 goblins
  8 hobgoblins
  8 jackals
  3 quokkas (D:1)
  2 frilled lizards
  29 kobolds
  5 rats
637 creatures vanquished.

Vanquished Creatures (collateral kills)
  A death yak (Lair:6)
  2 hell knights (D:13)
  A gargoyle (D:12)
  A rime drake (Lair:6)
  A basilisk (Lair:3)
  2 water moccasins (Lair:3)
  A killer bee (D:10)
  An orc priest (D:8)
  A gnoll (D:9)
  2 orcs (Orc:1)
13 creatures vanquished.

Vanquished Creatures (others)
  An orc priest (Orc:2)
  A jelly (Lair:3)
  An orc wizard (Orc:2)
  A gnoll (D:4)
  An orc (D:11)
  86 fungi
  59 plants
150 creatures vanquished.

Grand Total: 800 creatures vanquished

Notes
Turn   | Place    | Note
-------+----------+-------------------------------------------
     0 | D:1      | Gabide the Mummy Necromancer began the quest for the Orb.
     0 | D:1      | Reached XP level 1. HP: 13/13 MP: 4/4
   392 | D:1      | Reached XP level 2. HP: 20/20 MP: 2/5
   469 | D:1      | Reached skill level 3 in Spellcasting
   517 | D:1      | Found a faded altar of an unknown god.
   557 | D:1      | Prayed at the altar of an unknown god.
   557 | D:1      | Became a worshipper of Dithmenos the Shadowed
   557 | D:1      | Reached * piety under Dithmenos
   759 | D:1      | Reached skill level 1 in Fighting
  1258 | D:1      | Reached XP level 3. HP: 26/26 MP: 5/7
  1767 | D:1      | Learned a level 3 spell: Vampiric Draining
  2162 | D:2      | Reached ** piety under Dithmenos
  2420 | D:2      | Reached XP level 4. HP: 32/32 MP: 3/9
  2429 | D:2      | Learned a level 4 spell: Animate Dead
  3602 | D:3      | Noticed a centaur
  3760 | D:3      | Killed a centaur
  3761 | D:3      | Reached skill level 4 in Spellcasting
  3761 | D:3      | Reached skill level 1 in Invocations
  3761 | D:3      | Reached XP level 5. HP: 27/38 MP: 1/11
  3937 | D:3      | Found a shimmering blue altar of Sif Muna.
  4812 | D:4      | Identified the +1 leather armour of Vybleas {rF+ Slay+2}
  4968 | D:4      | Noticed a black bear
  4974 | D:4      | Killed a black bear
  4975 | D:4      | Reached XP level 6. HP: 46/46 MP: 0/12
  5108 | D:4      | Identified the ring of Pozexeus {rF- MP+9 Str+4 Int+9 SInv}
  5179 | D:4      | Reached skill level 5 in Necromancy
  5243 | D:4      | Noticed a steam dragon
  5257 | D:3      | Killed a steam dragon
  5258 | D:3      | Reached skill level 5 in Spellcasting
  5258 | D:3      | Reached XP level 7. HP: 5/52 MP: 2/14
  5577 | D:4      | Reached skill level 1 in Armour
  5584 | D:4      | Reached *** piety under Dithmenos
  5777 | D:4      | Found a staircase to the Ecumenical Temple.
  6687 | D:5      | Entered Level 5 of the Dungeon
  6919 | D:5      | Reached XP level 8. HP: 60/60 MP: 16/16
  7140 | D:5      | Learned a level 5 spell: Agony
  7175 | D:5      | Found a basalt altar of Yredelemnul.
  7216 | D:5      | Reached skill level 6 in Spellcasting
  7421 | D:6      | Noticed Duvessa
  7423 | D:6      | Noticed Dowan
  7430 | D:6      | Killed Duvessa
  7433 | D:6      | Killed Dowan
  7941 | D:6      | Learned a level 2 spell: Corpse Rot
  7944 | D:6      | Learned a level 2 spell: Passwall
  8027 | D:6      | Found a sacrificial altar of Ru.
  8154 | D:6      | Reached skill level 5 in Fighting
  8236 | D:6      | Noticed Blork the orc
  8257 | D:6      | Reached skill level 7 in Spellcasting
  8257 | D:6      | Reached XP level 9. HP: 62/68 MP: 19/19
  8261 | D:6      | Reached **** piety under Dithmenos
  8495 | D:6      | Reached skill level 5 in Dodging
  8510 | D:6      | Got the Almanac of the Entourage
  8686 | D:6      | Killed Blork the orc
  9398 | D:7      | Identified the ring of Bemig {rF+ SInv}
  9803 | D:8      | Noticed Harold
  9816 | D:8      | Killed Harold
  9817 | D:8      | Reached skill level 8 in Spellcasting
 10150 | D:8      | Reached XP level 10. HP: 77/77 MP: 22/22
 10331 | D:8      | Noticed Prince Ribbit
 10345 | D:8      | Killed Prince Ribbit
 11398 | D:8      | Reached skill level 9 in Spellcasting
 11424 | D:8      | Noticed Grum
 11978 | D:8      | Killed Grum
 12242 | D:9      | Identified 2 scrolls of acquirement
 12246 | D:9      | Acquired 1116 gold pieces
 12248 | D:9      | Acquired the +5 cloak of Parts Unknown {Rampage Int+3}
 13160 | D:9      | Found an ancient bone altar of Kikubaaqudgha.
 13682 | D:10     | Entered Level 10 of the Dungeon
 13714 | D:10     | Noticed a centaur warrior
 13874 | D:10     | Reached ***** piety under Dithmenos
 14140 | D:10     | Found a shadowy altar of Dithmenos.
 14519 | D:10     | Reached XP level 11. HP: 79/86 MP: 24/24
 14740 | D:10     | Found a staircase to the Orcish Mines.
 14760 | D:10     | Reached skill level 10 in Spellcasting
 15148 | Orc:1    | Entered Level 1 of the Orcish Mines
 15159 | Orc:1    | Reached skill level 1 in Short Blades
 15556 | Orc:2    | Entered Level 2 of the Orcish Mines
 15717 | Orc:2    | Noticed an orc knight
 15929 | Orc:1    | Noticed Erica
 15929 | Orc:1    | Noticed Urug
 15947 | Orc:1    | Killed Erica
 15948 | Orc:1    | Reached skill level 5 in Invocations
 15957 | Orc:1    | Killed Urug
 16126 | Orc:1    | Noticed Josephine
 16140 | Orc:1    | Noticed an orc high priest
 16144 | Orc:1    | Killed Josephine
 16391 | Orc:1    | HP: 4/87 [orc priest/divine providence (15)]
 17117 | Orc:1    | Killed an orc high priest
 17509 | Orc:2    | Noticed an orc sorcerer
 17519 | Orc:2    | Killed an orc sorcerer
 17528 | Orc:2    | Reached skill level 11 in Spellcasting
 17710 | Orc:2    | Found a staircase to the Elven Halls.
 17881 | Orc:2    | Noticed an orc knight
 18011 | Orc:2    | Killed an orc knight
 18169 | Orc:2    | Noticed an orc sorcerer
 18175 | Orc:2    | Killed an orc sorcerer
 18176 | Orc:2    | Reached XP level 12. HP: 65/94 MP: 9/27
 18350 | Orc:2    | Noticed an orc high priest
 18563 | Orc:2    | Noticed an orc high priest
 18573 | Orc:2    | Reached skill level 10 in Necromancy
 19298 | Orc:2    | Killed an orc high priest
 19305 | Orc:2    | Killed an orc high priest
 19533 | Orc:2    | Noticed an orc high priest
 19663 | Orc:2    | Found Cuixol's Distillery.
 19663 | Orc:2    | Found Roupnis's General Store.
 19666 | Orc:2    | Killed an orc high priest
 19668 | Orc:2    | Found Xugus's Assorted Antiques.
 19668 | Orc:2    | Found Moniw's Antique Weapon Emporium.
 19736 | Orc:2    | Bought a slimy falchion for 192 gold pieces
 19736 | Orc:2    | Identified the +6 falchion of Disarray {antimagic, Fly rN+
                  | rCorr Int-5} (You bought it in a shop on level 2 of the
                  | Orcish Mines)
 19739 | Orc:2    | Bought a scroll of enchant weapon for 105 gold pieces
 19748 | Orc:2    | Bought a scroll of acquirement for 1248 gold pieces
 19748 | Orc:2    | Acquired the +2 pair of gloves of the Centipede {rPois
                  | rCorr}
 19769 | Orc:2    | Bought a pitted broad axe for 216 gold pieces
 19769 | Orc:2    | Identified the +5 broad axe of the Priest {venom, rF+ rN++
                  | Will+ Str-4 Int+2} (You bought it in a shop on level 2 of
                  | the Orcish Mines)
 20356 | D:11     | Found Qus Puedo's Armour Shoppe.
 20364 | D:11     | Found a runed translucent gate.
 20364 | D:11     | Found a runed translucent gate.
 20364 | D:11     | Found a runed translucent gate.
 20513 | D:11     | Found a staircase to the Lair.
 21000 | D:11     | Found a portal to a secret trove of treasure.
 21046 | D:11     | Identified the +3 leather armour of the Zebra {*Corrode Fly
                  | Int+4 Stlth+}
 21212 | D:11     | Reached skill level 12 in Spellcasting
 21466 | D:11     | Identified the +1 leather armour "Teoklaest" {rElec Will-
                  | Str+4 Dex+4}
 22193 | D:11     | Reached skill level 10 in Fighting
 22258 | D:11     | Found a runed translucent gate.
 22258 | D:11     | Found a runed translucent gate.
 22262 | D:11     | Found a runed translucent gate.
 22262 | D:11     | Noticed Zippel's ghost (journeyman OgIE)
 22392 | D:12     | Noticed a boulder beetle
 22393 | D:12     | Noticed a boulder beetle
 22398 | D:12     | Killed a boulder beetle
 22662 | D:12     | Killed a boulder beetle
 22663 | D:12     | Gained mutation: You are in touch with the powers of death.
                  | [Mummy growth]
 22663 | D:12     | Reached XP level 13. HP: 93/103 MP: 20/29
 22761 | D:12     | Learned a level 3 spell: Swiftness
 22764 | D:12     | Learned a level 2 spell: Ensorcelled Hibernation
 22768 | D:12     | Learned a level 3 spell: Stone Arrow
 23187 | D:12     | Reached skill level 1 in Axes
 23721 | D:12     | Noticed Sonja
 23748 | D:12     | Killed Sonja
 25128 | D:13     | Reached skill level 13 in Spellcasting
 25236 | D:13     | Identified the +0 cloak "Kewnam" {Rampage Str+2}
 26348 | D:14     | Noticed a fire dragon
 26413 | D:13     | Killed a fire dragon
 28007 | D:14     | Reached XP level 14. HP: 75/113 MP: 19/31
 28455 | D:14     | Found a gate to the Vaults.
 28714 | D:15     | Entered Level 15 of the Dungeon
 28819 | Lair:1   | Entered Level 1 of the Lair of Beasts
 29248 | Lair:1   | Noticed Gastronok
 29255 | Lair:1   | Killed Gastronok
 29256 | Lair:1   | Reached skill level 10 in Dodging
 29256 | Lair:1   | Reached skill level 14 in Spellcasting
 31111 | Lair:2   | Found a staircase to the Swamp.
 31369 | Lair:3   | Reached ****** piety under Dithmenos
 31871 | Lair:3   | Found a runed translucent gate.
 31871 | Lair:3   | Found a runed translucent gate.
 31871 | Lair:3   | Found a runed translucent gate.
 31872 | Lair:3   | Found a viscous altar of Jiyva.
 31872 | Lair:3   | Noticed Kubamp's ghost (journeyman DEAE)
 31895 | Lair:3   | Noticed Nergalle
 31904 | Lair:3   | Killed Nergalle
 33306 | Lair:4   | Found a frozen archway.
 33348 | IceCv    | Entered an ice cave
 34292 | Lair:4   | Found a hole to the Spider Nest.
 35146 | Lair:5   | Reached skill level 15 in Spellcasting
 35264 | Lair:5   | Found a staircase to the Slime Pits.
 35338 | Lair:5   | Reached XP level 15. HP: 122/122 MP: 31/34
 35432 | Lair:5   | Identified the +0 chain mail of Mysticism {*Corrode +Blink
                  | rElec rPois}
 35846 | Lair:6   | Entered Level 6 of the Lair of Beasts
 37457 | Lair:6   | HP: 2/122 [seven-headed hydra (13)]
 38080 | Lair:6   | Learned a level 6 spell: Simulacrum
 38323 | Lair:6   | Identified the ring "Zasyduc" {rElec rC+ Int+4}
 39485 | Swamp:1  | Entered Level 1 of the Swamp
 39648 | Swamp:1  | Noticed Donald
 39680 | Swamp:1  | Killed from afar by an eleionoma

Illustrated notes

Levels and vault maps discovered:
D:1:      lightli_molten_gateway, layout_loops_corners,
          hellmonk_ecumenical_altar_leap_of_faith, minmay_tromino_v4_b
D:2:      layout_loops_ring, grunt_ministairs_5, patterned_corridor
D:3:      layout_basic, amcnicky_altar_gilded, grunt_decor_mini_mirrors
D:4:      layout_layer_cave, minmay_temple_entry_steel_oval
D:5:      layout_layer_cave, general_overflow_altar, hangedman_decor_slide_cut
D:6:      minmay_octagon_keep, layout_basic, mainiacjoe_overflow_catch_the_wave,
          uniq_duvessa, uniq_blork_the_orc
D:7:      layout_basic
D:8:      layout_loops_cross, hangedman_abyss_or_decor_stabs,
          uniq_prince_ribbit1, uniq_harold, uniq_grum
D:9:      nicolae_cairo_tiling_very_big, layout_stronghold,
          mainiacjoe_overflow_chevrons, dk_noncrumbling_3, minmay_quadrilaterals
D:10:     layout_basic, mainiacjoe_overflow_tiny_flanked, erik_orc_1,
          nicolae_wwwww, minivault_1, lightli_corner_chamber
D:11:     layout_basic, erik_lair_island, serial_shops, shop, enter_trove_3,
          ploomutoo_gammafunk_ghost_potion_laboratory
D:12:     layout_loops_corners, uniq_sonja
D:13:     layout_stronghold, nicolae_concentric_dashed_squares_wild,
          minmay_rotating_lava
D:14:     layout_irregular_city, erik_vaults_2, chequers_arboretum
D:15:     gammafunk_depths_entry_grave, layout_loops_ring, serial_shops, shop,
          good_gods_mini_temple
Lair:1:   dragon1_lemuel, layout_small_grid, grunt_forest_small_clearings,
          serial_bayou_ford_a, uniq_gastronok
Lair:2:   layout_regular_city, minmay_swamp_entry_worms,
          infiniplex_staircase_pool
Lair:3:   layout_cave_pods, gammafunk_ghost_ooze, serial_bayou_shore_b,
          lemuel_fruit_tree, serial_bayou_shore_a, grunt_megastairs_2,
          serial_bayou_shore_b, serial_bayou_shore_b, uniq_nergalle
Lair:4:   layout_regular_city, dummy_spider_entry,
          portal_ice_cave_entry_pillars_2, chequers_serial_rivers_micro_e
Lair:5:   layout_regular_city, slime_dummy
Lair:6:   gammafunk_lair_ancient_temple, layout_cave_pods
Swamp:1:  layout_falls_marsh, evilmike_swamp_ruin_house_4, swamp_pool2,
          wheals_swamp_sinkhole, uniq_donald, uniq_mlioglotl, uniq_louise,
          uniq_frances
Orc:1:    layout_diamond_mine, nicolae_orc_stony_grotto, uniq_josephine,
          uniq_erica, uniq_urug
Orc:2:    grunt_orc_tribal_feast, layout_diamond_mine

Skill      XL: |  1  2  3  4  5  6  7  8  9 10 11 12 13 14 15 |
---------------+----------------------------------------------+-----
Spellcasting   | 3 4 5 7 8 9 11 12 13 15 | 15.7
Fighting       | 1 2 3 4 5 6 7 8 10 11 12 13 | 13.0
Dodging        | 2 3 4 5 6 7 8 9 10 11 | 11.3
Invocations    | 1 2 3 4 5 6 7 8 |  8.4
Necromancy     | 5 6 7 8 9 10 12 13 | 13.6
Armour         | 1 2 |  2.0
Stealth        | 2 3 4 |  4.0
Short Blades   | 2 |  2.9
Axes           | 2 3 |  3.4

Action                   |  1- 3 |  4- 6 |  7- 9 | 10-12 | 13-15 || total
-------------------------+-------+-------+-------+-------+-------++-------
Melee: Unarmed           |     7 |       |       |       |       ||     7
       Dagger            |     8 |    26 |     1 |   186 |       ||   221
       Spear             |       |       |    45 |    28 |       ||    73
       Punch             |       |       |       |     4 |     6 ||    10
       Whip              |       |       |       |    14 |       ||    14
       Broad axe         |       |       |       |    77 |   288 ||   365
       Falchion          |       |       |       |       |    11 ||    11
Throw: Throwing net      |       |       |       |     3 |       ||     3
 Cast: Pain              |    89 |    93 |   133 |    39 |       ||   354
       Vampiric Draining |       |    11 |    83 |   306 |   466 ||   866
       Animate Dead      |       |       |     1 |    10 |    14 ||    25
       Agony             |       |       |       |    48 |    87 ||   135
       Stone Arrow       |       |       |       |       |     9 ||     9
Invok: Shadow Step       |       |       |       |     5 |       ||     5
Evoke: Wand              |       |       |       |    13 |    35 ||    48
       Phantom mirror    |       |       |       |       |     1 ||     1
  Use: Scroll            |       |     1 |     3 |    20 |    22 ||    46
 Stab: Sleeping          |       |     1 |       |     8 |     4 ||    13
       Distracted        |       |       |       |     2 |     1 ||     3
       Confused          |       |       |       |     1 |       ||     1
       Held in net/web   |       |       |       |     1 |       ||     1
Armor: Robe              |     3 |    10 |       |       |       ||    13
       Leather armour    |       |     3 |    33 |   231 |   442 ||   709
Dodge: Dodged            |    24 |    78 |   129 |   525 |  1038 ||  1794
